 Dungeon Crawl Stone Soup version 0.30-a0-782-ge64f9170bb (webtiles) character file.

Game seed: 8130469729598546411

42 Barriton the Conjurer (level 3, 0/27 HPs)
             Began as a Draconian Conjurer on Mar 13, 2023.
             Slain by a goblin
             ... wielding a +0 dagger
             ... led by Robin
              (3 damage)
             ... on level 1 of the Dungeon.
             The game lasted 00:03:42 (1254 turns).

Barriton the Conjurer (Draconian Conjurer)          Turns: 1254, Time: 00:03:43

Health: 0/27       AC:  5    Str:  9    XL:     3   Next: 35%
Magic:  1/6        EV: 12    Int: 20    God:
Gold:   74         SH:  0    Dex:  9    Spells: 5/6 levels left

rFire   . . .      SeeInvis .    (no weapon)
rCold   . . .      Faith    .    (no shield)
rNeg    . . .      Spirit   .    (body armour unavailable)
rPois   .          Reflect  .    (helmet restricted)
rElec   .          Harm     .    (no cloak)
rCorr   .          Rampage  .    (no gloves)
Will    .....                    (no boots)
Stlth   ++                       (no amulet)
HPRegen 0.24/turn                (no ring)
MPRegen 0.10/turn                (no ring)

@: no status effects
A: AC +5, unfitting armour, cold-blooded
a: no special abilities


You were on level 1 of the Dungeon.
You visited 1 branch of the dungeon, and saw 2 of its levels.

You collected 74 gold pieces.

Inventory:

Missiles
 e - a throwing net
Scrolls
 b - a scroll of amnesia
 c - a scroll of noise {unknown}
 d - a scroll of blinking {unknown}
Potions
 f - a potion of flight
 h - a potion of resistance {unknown}


   Skills:
 + Level 0.6 Fighting
 + Level 2.2 Dodging
 + Level 1.7 Stealth
 + Level 0.1 Unarmed Combat
 + Level 2.1 Spellcasting
 + Level 4.8 Conjurations


You had 5 spell levels left.
You knew the following spells:

 Your Spells              Type           Power      Damage    Failure   Level
a - Magic Dart            Conj           84%        1d7       2%          1

Your spell library contained the following spells:

 Spells                   Type           Power      Damage    Failure   Level
 Searing Ray              Conj           42%        2d6       3%          2
 Dazzling Flash           Conj/Hex       22%        N/A       17%         3
 Fulminant Prism          Conj/Hex       5%         3d6       50%         4
 Iskenderun's Mystic Bla  Conj/Tloc      11%        2d4       50%         4


Dungeon Overview and Level Annotations

Branches:
Dungeon (2/15)

Altars:

Annotations:
D:2 Robin


Innate Abilities, Weirdness & Mutations

Your plain brown scales are hard. (AC +5)
You cannot fit into any form of body armour.
You are cold-blooded and may be slowed by cold attacks.


Message History

Robin throws the goblin at you!
You closely miss Robin.
Robin is heavily wounded.
The goblin barely misses you. Robin hits you but does no damage.
Casting: Magic Dart (safe; 2% risk of failure)
Confirm with . or Enter, or press ? or * to list all spells.
Aiming: Magic Dart (safe; 2% risk of failure)
Press: ? - help, Shift-Dir - straight line, f/p - Robin
Aim: Robin, wielding a +0 dagger, wearing a +0 animal skin and wearing a +0 helmet (heavily wounded, 100% to hit)
The magic dart hits Robin but does no damage.
Robin is heavily wounded.
The goblin barely misses you. Robin hits you but does no damage.
Robin attacks as you move away! Robin closely misses you.
The goblin closely misses you. Robin throws the goblin at you!
There is a stone staircase leading up here.
The goblin hits you with a +0 dagger.
* * * LOW HITPOINT WARNING * * *
You climb upwards.
There is a stone staircase leading down here.
You hit the goblin.
The goblin is heavily wounded.
The goblin hits you but does no damage.
You hit the goblin but do no damage.
The goblin is heavily wounded.
The goblin completely misses you.
You closely miss the goblin.
The goblin is heavily wounded.
The goblin closely misses you.
You barely miss the goblin.
The goblin is heavily wounded.
The goblin no longer looks unusually strong.
The goblin hits you but does no damage.
You hit the goblin.
Your tail-slap misses the goblin.
The goblin is heavily wounded.
The goblin closely misses you.
You miss the goblin.
The goblin is heavily wounded.
The goblin hits you with a +0 dagger.
You die...

##.###.#≈≈≈~...#........~≈≈≈#...#
##.###.~~~~........~##...~~~~....
...#....~~....##..÷##~.....~~~...
####.....)...#~~##..~~~.....~....
####..........)~~....##~.........
#........##...##~.##.........^...
#.##.....####.....##..#...#......
#.###..### ###[..##.######......
#.##...# #.@....#####.......
.....#.# #####g.#.####..........
..####.# #......#.####.####.....
### #.####.####......#.# #....#
#.#....#####)......## #.####
#...#...............###.####
####..##.############..........
##........# ##.........
##.........# ###.......


You could see a goblin.

Vanquished Creatures
  3 dart slugs (D:1)
  3 giant cockroaches (D:1)
  5 goblins
  3 hobgoblins
  4 jackals (D:1)
  2 kobolds (D:1)
  A quokka (D:1)
  4 ball pythons (D:1)
  3 frilled lizards (D:1)
  5 rats
33 creatures vanquished.

Notes
Turn   | Place    | Note
-------+----------+-------------------------------------------
     0 | D:1      | Barriton the Draconian Conjurer began the quest for the
                  | Orb.
     0 | D:1      | Reached XP level 1. HP: 14/14 MP: 3/3
   172 | D:1      | Reached XP level 2. HP: 20/20 MP: 1/5
   751 | D:1      | Reached XP level 3. HP: 27/27 MP: 1/6
  1189 | D:2      | Noticed Robin
  1247 | D:2      | HP: 1/27 [goblin/+0 dagger[Robin] (3)]
  1254 | D:1      | Slain by a goblin

Illustrated notes

Levels and vault maps discovered:
D:1:      denvon_arrival_waterhouse, layout_rooms
D:2:      layout_basic, serial_glass, glass_columns_a, glass_columns_b,
          due_unseen_surprise, uniq_robin

Skill      XL: |  1  2 |
---------------+-------+-----
Dodging        | 2 |  2.2
Fighting       | |  0.6
Stealth        | |  1.7
Unarmed Combat | |  0.1
Spellcasting   | |  2.1
Conjurations   | |  4.8

Action                     || total
---------------------------++-------
  Melee: Unarmed           ||   101
         Tailslap          ||     7
         Punch             ||     1
   Cast: Magic Dart        ||    73
    Use: Scroll            ||     5
         Potion            ||     1
 Armour: Skin              ||    56
  Dodge: Dodged            ||   106

Table legend: (Time is in decaauts)
 A = Elapsed time spent in this place.
 B = Non-inter-level travel time spent in this place.
 C = Inter-level travel time spent in this place.
 D = Time resting spent in this place.
 E = Time spent auto-exploring this place.
 F = Levels seen in this place.
 G = Mean time per level.
                   A        B        C        D        E       F      G
               +--------+--------+--------+--------+--------+-----+--------+
         Total |   1256 |   1240 |     16 |      0 |    951 |   2 |  628.0 |
       Dungeon |   1256 |   1240 |     16 |      0 |    951 |   2 |  628.0 |
               +--------+--------+--------+--------+--------+-----+--------+

Top non-repeatable levels by time:
     D:1: 1166 daAuts
     D:2: 89 daAuts
